 Dungeon Crawl Stone Soup version 0.19.1 (webtiles) character file.

79289 Nydiazath the Unseen (level 15, -3/72 HPs)
             Began as a Spriggan Enchanter on Dec 17, 2016.
             Was the Champion of Okawaru.
             Slain by a chaos spawn (8 damage)
             ... summoned by an orc high priest
             ... on level 2 of the Orcish Mines.
             The game lasted 01:59:40 (36501 turns).

Nydiazath the Unseen (Spriggan Enchanter)          Turns: 36501, Time: 01:59:42

Health: -3/72      AC:  3    Str:  4    XL:     15   Next: 20%
Magic:  14/29      EV: 31    Int: 23    God:    Okawaru [******]
Gold:   1826       SH:  0    Dex: 17    Spells: 4 memorised, 24 levels left

rFire  . . .     SeeInvis +     a - +2 dagger (flame)
rCold  + . .     Gourm    .     b - +2 robe
rNeg   . . .     Faith    .     (shield restricted)
rPois  .         Spirit   .     (helmet restricted)
rElec  .         Reflect  .     (no cloak)
rCorr  .         Harm     .     (gloves unavailable)
MR     ++...     Clarity  +     (boots unavailable)
Stlth  +++++++++.               N - amulet of magic regeneration
                                P - ring of stealth
                                t - ring of stealth

@: very quick
A: unfitting armour, talons 1, see invisible, clarity, cold resistance 1,
deformed body, herbivore 3, speed 3, frail 1, slow metabolism 2
a: Heroism, Finesse, Renounce Religion


You were on level 2 of the Orcish Mines.
You worshipped Okawaru.
Okawaru was exalted by your worship.
You were very full.

You visited 4 branches of the dungeon, and saw 23 of its levels.
You also visited: Ice Cave.

You collected 2283 gold pieces.
You spent 457 gold pieces at shops.

Inventory:

Hand Weapons
 a - a +2 dagger of flaming (weapon)
 c - the +0 quick blade "Foxi" {pierce, *Corrode rC++}
   (Okawaru gifted it to you on level 4 of the Lair of Beasts)

   It inflicts extra damage upon your enemies.
   It greatly protects you from cold.
   It may corrode you when you take damage.
Armour
 b - a +2 robe (worn)
 W - a +2 cloak of invisibility
Jewellery
 e - a +2 ring of protection
 r - an uncursed ring of protection from fire
 t - a ring of stealth (left hand)
 y - an uncursed ring of flight
 B - an uncursed ring of poison resistance
 K - the ring of the Nights {+Inv rElec EV+1 Str+3 Dex-2}
   (You found it on level 12 of the Dungeon)

   [ring of evasion]

   It affects your evasion (+1).
   It affects your strength (+3).
   It affects your dexterity (-2).
   It insulates you from electricity.
   It lets you turn invisible.
 N - an amulet of magic regeneration (around neck)
 O - the amulet "Qakainac" {Regen+ Dex+2}
   (You found it on level 3 of the Lair of Beasts)

   [amulet of regeneration]

   It affects your dexterity (+2).
   It increases your rate of regeneration.
 P - a ring of stealth (right hand)
Wands
 g - a wand of polymorph (7/24)
 l - a wand of flame (19/48)
 o - a wand of paralysis (12/24)
 u - a wand of lightning (14/15)
 w - a wand of flame (48/48)
 C - a wand of acid (3/15)
 I - a wand of digging (13/24)
 J - a wand of disintegration (11/24)
 S - a wand of paralysis (17/24)
 X - a wand of iceblast (15/15)
Scrolls
 f - 3 scrolls of recharging
 h - 5 scrolls of enchant weapon
 j - 6 scrolls of amnesia
 k - a scroll of teleportation
 n - 6 scrolls of remove curse
 A - 5 scrolls of magic mapping
 F - a scroll of enchant armour
 V - a scroll of blinking
 Z - a scroll of fear
Potions
 i - a potion of mutation
 m - 7 potions of curing
 p - 3 potions of haste
 q - a potion of brilliance
 s - 2 potions of magic
 v - 4 potions of berserk rage
 x - 2 potions of cure mutation
 z - a potion of lignification
 D - 3 potions of agility
 E - 4 potions of flight
 G - a potion of ambrosia
 R - 2 potions of might
 T - 2 potions of invisibility
 U - a potion of cancellation
Books
 L - a book of Clouds

   Spells                             Type                      Level
   a - Mephitic Cloud                 Conjuration/Poison/Air       3
   b - Conjure Flame                  Conjuration/Fire             3
   c - Poisonous Cloud                Conjuration/Poison/Air       6
   d - Freezing Cloud                 Conjuration/Ice/Air          6
   e - Ring of Flames                 Charms/Fire                  7
 M - a book of Callings

   Spells                             Type                      Level
   a - Summon Small Mammal            Summoning                    1
   b - Call Imp                       Summoning                    2
   c - Call Canine Familiar           Summoning                    3
   d - Summon Guardian Golem          Hexes/Summoning              3
   e - Summon Lightning Spire         Summoning/Air                4
   f - Summon Ice Beast               Ice/Summoning                4
 Y - a book of Misfortune

   Spells                             Type                      Level
   a - Confusing Touch                Hexes                        1
   b - Confuse                        Hexes                        3
   c - Gell's Gravitas                Hexes/Translocation          3
   d - Petrify                        Transmutation/Earth          4
   e - Metabolic Englaciation         Hexes/Ice                    5
   f - Yara's Violent Unravelling     Hexes/Transmutation          5
Comestibles
 d - 15 bread rations
 H - 4 fruits


   Skills:
 + Level 9.6 Fighting
 - Level 10.7 Short Blades
 + Level 15.1 Dodging
 + Level 19.1 Stealth
   Level 6.1 Shields
 + Level 9.7 Spellcasting
 - Level 10.0 Hexes
 - Level 10.6 Evocations


You had 24 spell levels left.
You knew the following spells:

 Your Spells              Type           Power        Failure   Level  Hunger
a - Corona                Hex            ######.      1%          1    None
b - Ensorcelled Hibernat  Hex/Ice        ####..       1%          2    None
c - Confuse               Hex            ######..     1%          3    None
d - Summon Guardian Gole  Hex/Summ       ####....     2%          3    None


Dungeon Overview and Level Annotations

Branches:
Dungeon (14/15)            Temple (1/1) D:7            Lair (6/6) D:11
  Swamp (0/4) Lair:2        Snake (0/4) Lair:3        Slime (0/5) Lair:6
    Orc (2/2) D:12            Elf (0/3) Orc:2        Vaults (0/5) D:13

Altars:
Ashenzari
Cheibriados
Dithmenos
Elyvilon
Fedhas
Gozag
Hepliaklqana
Kikubaaqudgha
Makhleb
Nemelex Xobeh
Okawaru
Qazlal
Ru
Sif Muna
Trog
Uskayaw
Vehumet
Xom
Yredelemnul
Zin
The Shining One
Jiyva

Shops:
D:4 *   D:7 *=[*   D:11 [   Orc:2 =(

Annotations:
D:12 Tathariant's ghost, journeyman MiBe


Innate Abilities, Weirdness & Mutations

You are very small and have problems with some larger weapons.
You are too small for most types of armour.
You have supernaturally acute eyesight. (SInv)
You are a herbivore.
You cover ground extremely quickly.
You need consume almost no food.
You have sharp toenails.
You possess an exceptional clarity of mind.
Your flesh is cold resistant. (rC+)
Armour fits poorly on your strangely shaped body.
You are frail. (-10% HP)


Message History

The chaos spawn completely misses you.
Casting: Confuse
Confirm with . or Enter, or press ? or * to list all spells.
Aiming: Confuse
Press: ? - help, Shift-Dir - straight line, f - orc high priest, p - chaos spawn
Aim: an orc high priest, wielding a short sword and wearing a ring mail (chance to defeat MR: 40%)
The orc high priest appears confused.
The sixfirhy hits you! The sixfirhy shocks you! The sixfirhy hits you.
* * * LOW HITPOINT WARNING * * *
The sixfirhy shocks you!
* * * LOW HITPOINT WARNING * * *
The orc high priest closely misses the chaos spawn.
The orc completely misses you. The chaos spawn closely misses you.
You feel better. The sixfirhy misses you.
The sixfirhy completely misses you. x3
The orc high priest hits the orc with a short sword!
The orc is killed!
The chaos spawn hits you!
* * * LOW HITPOINT WARNING * * *
The chaos spawn shocks you!
You die...

##........#......)..)....#
##.........................#
#......................#..##
................#..........#
.#..#........[............##
######........[..........##
#........[.........##
##.........[.......######
..........3@[........##.##
........>..)o4............#
###.............#.#........##
###...................#...^.#
##....................#...#.##
#........................####
#.......................##
#......................#
#....................##


You could see an orc high priest (confused), a sixfirhy and a chaos spawn.

Vanquished Creatures
  3 vault guards (D:13)
  4 hydras
  A merfolk avatar (Lair:6)
  2 death knights
  An ogre mage (D:13)
  An orc high priest (Orc:2)
  6 death yaks
  Urug (Lair:5)
  2 skeletal warriors (D:12)
  3 hill giants
  2 harpies (Lair:6)
  A deep elf archer (D:7)
  4 orc knights
  11 ugly things
  A deep elf mage (D:11)
  5 oklob plants
  2 manticores (Lair:6)
  2 orc sorcerers
  3 cyclopes
  15 elephants
  3 gargoyles
  A torpor snail (Lair:6)
  5 black mambas
  2 ice statues (IceCv)
  10 spiny frogs
  7 rime drakes
  7 komodo dragons
  A tengu conjurer (D:13)
  2 trolls
  3 polar bears (Lair:6)
  2 wind drakes (Lair:6)
  3 two-headed ogres
  22 blink frogs
  2 hornets (Lair:6)
  6 slime creatures
  A meliai zombie (D:13)
  7 hippogriffs
  A shadow (D:11)
  36 yaks
  6 wyverns
  4 basilisks
  4 hogs (D:8)
  3 wraiths
  A human (D:8)
  11 vampire mosquitoes
  A warg (Orc:2)
  A soldier ant (D:12)
  4 nagas (Lair:3)
  Duvessa (D:6)
  21 water moccasins
  13 orc warriors
  10 porcupines
  20 ice beasts
  A phantom (D:13)
  2 sky beasts
  An eye of draining (D:12)
  14 ogres
  10 centaurs
  20 wolves
  19 bullfrogs
  3 big kobolds
  19 crocodiles
  A gnoll sergeant (D:11)
  Dowan (D:6)
  A wyvern skeleton (D:12)
  6 scorpions
  19 killer bees
  7 wights
  3 howler monkeys
  6 crimson imps
  A quasit (D:12)
  3 centaur zombies
  2 jellies
  13 orc priests
  9 hounds
  20 orc wizards
  A bullfrog skeleton (D:4)
  4 centaur skeletons
  3 iguanas
  Crazy Yiuf (D:6)
  12 worker ants
  9 hell rats
  A hound skeleton (D:11)
  2 worker ant zombies
  7 gnolls
  21 adders
  5 shadow imps
  An adder zombie (D:5)
  An adder skeleton (D:4)
  5 worms
  4 dart slugs
  5 leopard geckos
  70 orcs
  7 giant cockroaches
  11 goblins
  14 hobgoblins
  9 jackals
  4 quokkas
  3 ball pythons
  7 bats
  2 frilled lizards
  17 kobolds
  A quokka skeleton (D:6)
  A quokka zombie (D:10)
  5 rats
  A plant (Lair:5)
706 creatures vanquished.

Vanquished Creatures (others)
  A bullfrog (Lair:4)
  3 orcs (D:12)
  A bush (Lair:6)
  22 fungi
  21 plants
48 creatures vanquished.

Grand Total: 754 creatures vanquished

Notes
Turn   | Place    | Note
-------+----------+-------------------------------------------
     0 | D:1      | Nydiazath the Spriggan Enchanter began the quest for the Orb.
     0 | D:1      | Reached XP level 1. HP: 9/9 MP: 5/5
   425 | D:1      | Reached skill level 5 in Stealth
   425 | D:1      | Reached XP level 2. HP: 12/13 MP: 6/6
   957 | D:2      | Reached XP level 3. HP: 5/16 MP: 8/8
  1189 | D:1      | Learned a level 2 spell: Ensorcelled Hibernation
  1193 | D:1      | Learned a level 3 spell: Confuse
  1210 | D:2      | Reached skill level 6 in Stealth
  1364 | D:1      | Reached XP level 4. HP: 10/21 MP: 2/9
  2332 | D:3      | Reached skill level 7 in Stealth
  2601 | D:3      | Reached XP level 5. HP: 13/24 MP: 1/10
  2932 | D:3      | Found a white marble altar of Elyvilon.
  2932 | D:3      | Found an opulent altar of Gozag.
  3183 | D:4      | Found Nehustrep's Serpentskin Sales.
  3184 | D:4      | Noticed a water moccasin
  3199 | D:4      | Killed a water moccasin
  3199 | D:4      | Reached skill level 8 in Stealth
  3436 | D:4      | Reached XP level 6. HP: 22/28 MP: 6/11
  3971 | D:4      | Reached skill level 5 in Short Blades
  4113 | D:4      | Bought an uncursed ring of poison resistance for 220 gold pieces
  4161 | D:5      | Entered Level 5 of the Dungeon
  4164 | D:5      | Reached skill level 9 in Stealth
  4225 | D:5      | Noticed an ice beast
  4638 | D:4      | Reached XP level 7. HP: 26/32 MP: 2/12
  4931 | D:5      | Reached skill level 10 in Stealth
  4946 | D:5      | Reached skill level 5 in Dodging
  5460 | D:6      | Reached XP level 8. HP: 36/36 MP: 13/13
  6135 | D:5      | Reached skill level 11 in Stealth
  7367 | D:6      | Reached skill level 12 in Stealth
  7387 | D:6      | Reached XP level 9. HP: 33/39 MP: 12/15
  8075 | D:6      | Noticed Duvessa
  8075 | D:6      | Noticed Dowan
  8080 | D:6      | Killed Duvessa
  8091 | D:6      | Killed Dowan
  9007 | D:6      | Reached skill level 5 in Spellcasting
  9189 | D:6      | Found a runed door.
  9436 | D:6      | Noticed Crazy Yiuf
  9440 | D:6      | Killed Crazy Yiuf
  9717 | D:7      | Found Monkoabb's Gadget Boutique.
  9762 | D:7      | Found Beggooh's Armour Emporium.
  9969 | D:7      | Bought a +0 buckler for 58 gold pieces
 10023 | D:7      | Reached skill level 13 in Stealth
 10238 | D:7      | Found Ismugg's General Store.
 10242 | D:7      | Bought a bread ration for 55 gold pieces
 10242 | D:7      | Bought a potion of curing for 33 gold pieces
 10242 | D:7      | Bought a scroll of identify for 22 gold pieces
 10525 | D:7      | Found a staircase to the Ecumenical Temple.
 10537 | Temple   | Entered the Ecumenical Temple
 10952 | D:7      | Found Ireskyto's Assorted Antiques.
 10960 | D:7      | Bought a scroll labeled ARPHA QIKETELIM for 24 gold pieces
 10960 | D:7      | Bought a scroll labeled KEIXUVITOE for 24 gold pieces
 10960 | D:7      | Bought an inky potion for 21 gold pieces
 11021 | D:7      | Found Nynec's Jewellery Shoppe.
 11544 | D:7      | Noticed a deep elf archer
 11548 | D:7      | Reached XP level 10. HP: 44/44 MP: 20/20
 11729 | D:7      | Reached skill level 10 in Dodging
 11976 | D:8      | Found an iron altar of Okawaru.
 12003 | D:8      | Became a worshipper of Warmaster Okawaru
 12161 | D:8      | Noticed a hill giant
 12169 | D:8      | Killed a hill giant
 12169 | D:8      | Reached * piety under Okawaru
 13232 | D:9      | Reached skill level 14 in Stealth
 13810 | D:9      | Reached skill level 1 in Fighting
 14077 | D:9      | Noticed a hill giant
 14090 | D:9      | Reached skill level 1 in Shields
 14192 | D:9      | Killed a hill giant
 14495 | D:9      | Found a basalt altar of Yredelemnul.
 14495 | D:9      | Found a hide-covered altar of Uskayaw.
 14495 | D:9      | Found a stormy altar of Qazlal.
 14498 | D:9      | Found a glowing silver altar of Zin.
 14854 | D:9      | Reached skill level 10 in Short Blades
 15194 | D:9      | Reached ** piety under Okawaru
 15852 | D:10     | Entered Level 10 of the Dungeon
 15897 | D:10     | Reached XP level 11. HP: 34/51 MP: 13/22
 16011 | D:10     | Reached *** piety under Okawaru
 16431 | D:10     | Reached skill level 15 in Stealth
 17180 | D:11     | Found Qyefann's Antique Armour Shop.
 17243 | D:11     | Noticed a green ugly thing
 17254 | D:11     | Killed a green ugly thing
 17315 | D:11     | Reached **** piety under Okawaru
 17460 | D:11     | Noticed a six-headed hydra
 17525 | D:11     | Noticed a deep elf mage
 17538 | D:11     | Noticed a brown ugly thing
 17772 | D:11     | Killed a deep elf mage
 17818 | D:11     | Killed a six-headed hydra
 17971 | D:11     | Killed a brown ugly thing
 18034 | D:11     | Found a staircase to the Lair.
 18606 | D:12     | Noticed Tathariant's ghost (journeyman MiBe)
 18609 | D:11     | Reached skill level 5 in Hexes
 18671 | D:11     | Reached skill level 16 in Stealth
 19068 | D:12     | Found a white marble altar of Elyvilon.
 19402 | D:12     | Got a vibrating iron ring
 19404 | D:12     | Identified the ring of the Nights {+Inv rElec EV+1 Str+3 Dex-2} (You found it on level 12 of the Dungeon)
 19418 | D:12     | Noticed a white ugly thing
 19439 | D:12     | Killed a white ugly thing
 19848 | D:12     | Reached ***** piety under Okawaru
 20116 | D:12     | Noticed a green ugly thing
 20147 | D:12     | Noticed a red ugly thing
 20215 | D:12     | Killed a red ugly thing
 20215 | D:12     | Reached XP level 12. HP: 46/59 MP: 13/23
 20292 | D:12     | Reached skill level 5 in Evocations
 20300 | D:12     | Received a gift from Okawaru
 20301 | D:12     | Got ichor-stained pearl dragon scales {god gift}
 20312 | D:12     | Identified the +2 pearl dragon scales of the Mutiny {+Inv rN+ Int+7 Dex+3 Slay-4} (Okawaru gifted it to you on level 12 of the Dungeon)
 20459 | D:12     | Found a staircase to the Orcish Mines.
 21010 | D:12     | Noticed a death knight
 21090 | D:12     | Killed a death knight
 21108 | D:12     | Reached skill level 5 in Fighting
 21834 | D:13     | Learned a level 3 spell: Summon Guardian Golem
 22269 | D:13     | Reached skill level 5 in Shields
 22432 | D:13     | Noticed a death knight
 22445 | D:13     | Killed a death knight
 22478 | D:13     | Noticed a vault guard
 22564 | D:13     | Noticed a vault guard
 22565 | D:13     | Noticed an ogre mage
 22596 | D:13     | Killed a vault guard
 23264 | D:13     | Killed an ogre mage
 23264 | D:13     | Reached skill level 10 in Evocations
 23381 | D:13     | Killed a vault guard
 23417 | D:13     | Reached XP level 13. HP: 66/66 MP: 17/24
 23734 | D:13     | Found a gate to the Vaults.
 23738 | D:13     | Received a gift from Okawaru
 25101 | Lair:1   | Entered Level 1 of the Lair of Beasts
 25427 | Lair:1   | Gained mutation: You have sharp toenails. [potion of mutation]
 25427 | Lair:1   | Gained mutation: Your flesh is cold resistant. (rC+) [potion of mutation]
 25427 | Lair:1   | Gained mutation: You possess an exceptional clarity of mind. [potion of mutation]
 27422 | Lair:2   | Found a staircase to the Swamp.
 28187 | Lair:2   | Reached skill level 17 in Stealth
 28650 | Lair:3   | Identified a scroll of acquirement
 28725 | Lair:3   | Got a scorched ruby amulet
 28726 | Lair:3   | Identified the amulet "Qakainac" {Regen+ Dex+2} (You found it on level 3 of the Lair of Beasts)
 28736 | Lair:3   | Found a staircase to the Snake Pit.
 28891 | Lair:3   | Found a frozen archway.
 28905 | Lair:3   | Reached ****** piety under Okawaru
 29032 | IceCv    | Entered an ice cave
 29036 | IceCv    | Received a gift from Okawaru
 29171 | Lair:3   | Reached XP level 14. HP: 73/73 MP: 18/25
 29968 | Lair:4   | Received a gift from Okawaru
 29982 | Lair:4   | Got a jewelled quick blade {god gift}
 29983 | Lair:4   | Identified the +0 quick blade "Foxi" {pierce, *Corrode rC++} (Okawaru gifted it to you on level 4 of the Lair of Beasts)
 31045 | Lair:5   | Noticed Urug
 31059 | Lair:5   | Killed Urug
 31059 | Lair:5   | Reached skill level 10 in Hexes
 31733 | Lair:5   | Reached skill level 18 in Stealth
 32139 | Lair:6   | Entered Level 6 of the Lair of Beasts
 32695 | Lair:6   | Received a gift from Okawaru
 32781 | Lair:6   | Found a staircase to the Slime Pits.
 32781 | Lair:6   | Found a viscous altar of Jiyva.
 32912 | Lair:6   | Got a crude cloak {god gift}
 34470 | Lair:6   | Identified the +2 cloak "Iduzatz" {Int+4} (Okawaru gifted it to you on level 6 of the Lair of Beasts)
 34755 | Lair:6   | Gained mutation: Armour fits poorly on your strangely shaped body. [mutagenic glow]
 34801 | Lair:6   | Gained mutation: You are frail. (-10% HP) [mutagenic glow]
 34987 | Lair:6   | Reached XP level 15. HP: 36/71 MP: 23/29
 35432 | Lair:4   | Reached skill level 19 in Stealth
 35517 | Orc:1    | Entered Level 1 of the Orcish Mines
 35803 | Orc:2    | Entered Level 2 of the Orcish Mines
 35803 | Orc:2    | Found a staircase to the Elven Halls.
 35813 | Orc:2    | Noticed an orc warlord
 35814 | Orc:2    | Found Sudass's Antique Weapon Emporium.
 35960 | Orc:2    | Reached skill level 15 in Dodging
 36150 | Orc:2    | Received a gift from Okawaru
 36154 | Orc:2    | Got a translucent cloak {god gift}
 36171 | Orc:2    | Identified the +2 cloak of the Dice {rC- Int+6} (Okawaru gifted it to you on level 2 of the Orcish Mines)
 36344 | Orc:2    | Found Fyovin's Jewellery Boutique.
 36501 | Orc:2    | Slain by a chaos spawn

Skill      XL: |  1  2  3  4  5  6  7  8  9 10 11 12 13 14 15 |
---------------+----------------------------------------------+-----
Stealth        | 5 6 7 8 9 10 12 13 14 16 17 18 19 | 19.1
Short Blades   | 2 3 4 5 6 7 9 10 | 10.7
Dodging        | 5 8 9 10 12 14 15 | 15.1
Spellcasting   | 3 6 7 9 |  9.7
Fighting       | 2 4 6 8 9 |  9.6
Shields        | 2 4 5 6 |  6.1
Hexes          | 5 6 9 10 | 10.0
Evocations     | 4 10 | 10.6

Action                   |  1- 3 |  4- 6 |  7- 9 | 10-12 | 13-15 || total
-------------------------+-------+-------+-------+-------+-------++-------
Melee: Dagger            |   132 |   315 |   487 |   809 |   945 ||  2688
       Punch             |       |       |       |     1 |       ||     1
       Kick              |       |       |       |       |   156 ||   156
 Cast: Ensorcelled Hiber |     8 |    28 |   125 |   181 |   260 ||   602
       Confuse           |       |     4 |    24 |   144 |   210 ||   382
       Summon Guardian G |       |       |       |     2 |       ||     2
       Corona            |       |       |       |       |     3 ||     3
Invok: Heroism           |       |       |       |     1 |     3 ||     4
 Abil: Evoke Invisibilit |       |       |       |     6 |     8 ||    14
Evoke: Wand              |       |       |       |       |     1 ||     1
  Use: Potion            |     1 |     2 |       |    10 |     7 ||    20
       Scroll            |       |       |     4 |    12 |    24 ||    40
 Stab: Sleeping          |    11 |    30 |    74 |   117 |   168 ||   400
       Confused          |       |     3 |     8 |    61 |   109 ||   181
       Distracted        |       |     1 |     5 |     3 |    10 ||    19
       Invisible         |       |       |       |    13 |    16 ||    29
  Eat: Fruit             |       |     4 |     8 |       |    12 ||    24
       Pizza             |       |       |     1 |     8 |       ||     9
       Bread ration      |       |       |     2 |     1 |     1 ||     4
       Royal jelly       |       |       |     1 |       |     1 ||     2
Armor: Robe              |    15 |    28 |    13 |    31 |    32 ||   119
Dodge: Dodged            |   104 |   223 |   441 |   605 |   885 ||  2258
